Map: Triton LE

Players

Nigrnog - Winner!

  • Race: Zerg Zerg
  • Spawn Location: 5:00

MooEsqoo

  • Race: Protoss Protoss
  • Spawn Location: 11:00

VOD

Have the link to the VOD?

Description

Time

  • Played on: Nov. 21, 2019, 3:34 a.m.
  • Length: 8:48
Show
View Real Time Build Order
Export as new Build Order

Nigrnog Zerg - Winner!

Build Orders: Hatch First 

Get SALT Encoding   

  12  0:02  Drone  
  13  0:11  Drone  
  14  0:18  Overlord  
  14  0:45  Drone  
  15  0:50  Drone  
  15  0:53  Drone  
  15  0:55  Hatchery  
  16  0:59  Drone  
  17  1:14  Spawning Pool  
  16  1:19  Extractor  
  16  1:24  Drone  
  16  1:25  Drone  
  17  1:31  Drone  
  18  1:40  Drone  
  19  1:50  Drone  
  20  2:01  Overlord  
  20  2:04  Queen  
  20  2:07  Queen  
  20  2:08  Drone  
  25  2:11  Drone  
  26  2:24  Overlord  
  26  2:45  Extractor  
  25  2:54  Drone x2  
  25  2:55  Drone  
  28  3:08  Zergling x6  
  28  3:11  Hatchery  
  28  3:12  Overlord  
  30  3:26  Drone x3  
  33  3:29  Metabolic Boost  
  33  3:32  Zergling x2  
  34  3:36  Lair  
  34  3:38  Drone x2  
  34  3:39  Drone x2  
  38  3:44  Extractor, Drone  
  38  3:50  Drone x2  
  40  3:57  Zergling x2  
  40  4:02  Zergling x6  
  44  4:11  Drone  
  45  4:21  Drone x2  
  47  4:27  Drone x3  
  47  4:31  Extractor  
  49  4:32  Drone  
  50  4:42  Spire  
  50  4:43  Drone  
  50  4:47  Spire  
  50  4:52  Drone x4  
  53  4:58  Drone x3  
  56  5:00  Queen  
  58  5:07  Overlord x2  
  58  5:14  Overlord x2  
  58  5:31  Zergling x6  
  61  5:37  Extractor  
  61  5:40  Extractor, Zergling x4  
  61  5:41  Zergling x2  
  62  5:48  Zergling x4  
  62  5:49  Zergling x2  
  65  5:50  Evolution Chamber  
  65  5:52  Drone x2  
  65  5:54  Drone  
  67  6:07  Queen  
  67  6:09  Hatchery  
  68  6:12  Zerg Flyer Weapons Level 1  
  68  6:13  Zerg Flyer Armor Level 1  
  68  6:24  Mutalisk x5  
  78  6:31  Mutalisk  
  78  6:32  Mutalisk x2  
  84  6:39  Overseer  
  84  6:40  Overseer  
  84  6:44  Mutalisk x3  
  90  6:56  Overlord x3  
  90  7:16  Mutalisk x4  
  98  7:24  Mutalisk  
  98  7:27  Zergling x2  
  98  7:28  Zergling x14  
  108  7:47  Mutalisk x2  
  99  8:09  Mutalisk x3  
Show
View Real Time Build Order
Export as new Build Order

MooEsqoo Protoss 

Build Orders: 1 Gate Expand 

Get SALT Encoding   

  12  0:01  Probe  
  13  0:13  Probe  
  14  0:24  Pylon  
  14  0:34  Probe  
  15  0:45  Gateway  
  15  0:56  Probe (Chrono Boost)  
  16  0:59  Assimilator  
  16  1:08  Probe (Chrono Boost)  
  17  1:15  Probe (Chrono Boost)  
  18  1:26  Probe  
  19  1:35  Cybernetics Core  
  19  1:39  Probe  
  20  1:42  Nexus  
  20  1:54  Pylon  
  20  2:01  Assimilator  
  20  2:09  Stalker (Chrono Boost)  
  20  2:10  Probe  
  23  2:30  Probe  
  24  2:37  Stalker (Chrono Boost)  
  24  2:39  Warp Gate (Chrono Boost)  
  24  2:42  Probe  
  27  2:49  Assimilator  
  27  2:54  Shield Battery  
  27  2:59  Stalker  
  27  3:01  Gateway  
  29  3:07  Probe  
  29  3:08  Probe  
  31  3:18  Robotics Facility  
  31  3:19  Probe  
  32  3:20  Probe  
  33  3:30  Stalker  
  33  3:31  Probe  
  33  3:33  Probe  
  37  3:43  Probe  
  37  3:45  Probe  
  39  3:50  Stalker  
  41  4:00  Pylon  
  41  4:06  Twilight Council  
  41  4:08  Probe  
  41  4:09  Probe  
  43  4:18  Immortal (Chrono Boost)  
  43  4:20  Probe  
  43  4:21  Probe  
  49  4:27  Pylon  
  49  4:32  Probe  
  49  4:33  Probe  
  51  4:41  Blink (Chrono Boost)  
  51  4:59  Observer  
  52  5:03  Stalker x2  
  56  5:08  Gateway  
  56  5:11  Gateway  
  56  5:15  Probe x2  
  56  5:17  Gateway  
  58  5:25  Pylon  
  58  5:26  Warp Prism (Chrono Boost)  
  58  5:27  Probe  
  58  5:28  Probe, Pylon  
  62  5:50  Stalker x2  
  66  5:57  Assimilator  
  66  6:00  Immortal  
  70  6:49  Stalker x3  
  70  6:50  Stalker, Robotics Bay  
  78  7:54  Probe x2, Pylon  
  78  7:56  Pylon  
  78  7:57  Pylon  
  77  7:59  Pylon  
  77  8:03  Pylon  
  77  8:05  Pylon  
  69  8:11  Stalker x2  
  69  8:12  Stalker x3  
  47  8:36  Stalker x4  
  47  8:37  Stalker  
Tags
 
Add a new tag
Caveats
  • Supply blocks, unpowered buildings, or Contaminate may cause inaccurate times.
  • Supply counts are checked every 10 seconds.